 Dungeon Crawl Stone Soup version 0.25.1-2-g60ff931df9 (webtiles) character file.

Game seed: 14914541155218103519

61536 DearestLeader the Protected (level 14, -6/103 HPs)
             Began as a Demonspawn Gladiator on Oct 8, 2020.
             Was the Champion of Qazlal.
             Killed from afar by a starcursed mass (10 damage)
             ... with an accursed screaming
             ... on level 1 of the Abyss.
             The game lasted 00:40:50 (18557 turns).

DearestLeader the Protected (Demonspawn Gladiator) Turns: 18557, Time: 00:40:51

Health: -6/103     AC: 34    Str: 26      XL:     14   Next: 61%
Magic:  15/15      EV: 13    Int:  5 (8)  God:    Qazlal [******]
Gold:   373        SH:  8    Dex: 13 (14) Spells: 13/13 levels left

rFire    + . .     SeeInvis .   l - +5 battleaxe (freeze) (curse)
rCold    . . .     Gourm    .   (shield currently unavailable)
rNeg     + + +     Faith    .   b - +2 plate armour of the Shrike {rElec rPois}
rPois    +         Spirit   .   X - +1 hat {MR+}
rElec    +         Reflect  .   y - +2 cloak
rCorr    .         Harm     .   j - +0 pair of gloves
MR       ++...     Rnd*Rage +   (no boots)
Stlth    ..........             P - amulet "Deamopn" {Regen+ Dex+4}
HPRegen  0.67/turn              L - ring of Satisfaction {*Corrode rPois rN++ Str+6 Stlth+}
MPRegen  0.14/turn              M - ring "Buwas" {rF+ AC+4}

@: about to teleport, protected from physical damage, repel missiles
A: hooves 2, molten scales 2, [berserk 2], [blurry vision 1], clumsy 1[+1],
[deterioration 1], [dopey 1], foul stench 1, [low mp 3], negative energy
resistance 1, [screaming 3], spiny 2, [no potion heal 3], rot immunity
a: Upheaval, Elemental Force, Disaster Area, Renounce Religion


You were on level 1 of the Abyss.
You worshipped Qazlal.
Qazlal was exalted by your worship.
You were very hungry.

You visited 3 branches of the dungeon, and saw 19 of its levels.
You visited the Abyss 1 time.

You collected 1241 gold pieces.
You spent 868 gold pieces at shops.

Inventory:

Hand Weapons
 l - a cursed +5 battleaxe of freezing (weapon)
Missiles
 d - 4 throwing nets (quivered)
Armour
 b - the +2 plate armour of the Shrike (worn) {rElec rPois}
   (You bought it in a shop on level 11 of the Dungeon)

   It insulates you from electricity.
   It protects you from poison.
 e - the +0 helmet of Xuczyzug {rElec MP+9}
   (You found it on level 3 of the Lair of Beasts)

   It insulates you from electricity.
   It affects your magic capacity (+9).
 j - a +0 pair of gloves (worn)
 y - a +2 cloak (worn)
 X - a +1 hat of magic resistance (worn)
Jewellery
 c - an uncursed amulet of guardian spirit {unknown}
 k - an uncursed ring of protection from magic
 p - an uncursed amulet of regeneration {unknown}
 q - an uncursed ring of protection from cold
 E - a cursed ring of protection from magic
 L - the ring of Satisfaction (left hand) {*Corrode rPois rN++ Str+6 Stlth+}
   (You found it on level 7 of the Dungeon)

   [ring of strength]

   It affects your strength (+6).
   It protects you from poison.
   It greatly protects you from negative energy.
   It may corrode you when you take damage.
   It makes you more stealthy.
 M - the ring "Buwas" (right hand) {rF+ AC+4}
   (You took it off an iron imp on level 1 of the Abyss)

   [ring of protection]

   It affects your AC (+4).
   It protects you from fire.
 P - the amulet "Deamopn" (around neck) {Regen+ Dex+4}
   (You found it on level 6 of the Lair of Beasts)

   [amulet of regeneration]

   It affects your dexterity (+4).
   It increases your rate of regeneration.
Wands
 w - a wand of flame (19)
 z - a wand of paralysis (17)
 A - a wand of digging (12)
 G - a wand of iceblast (17)
 I - a wand of acid (4)
 K - a wand of enslavement (18)
 W - a wand of clouds (16)
Scrolls
 a - a scroll of summoning {unknown}
 g - 6 scrolls of teleportation
 h - 15 scrolls of remove curse
 m - 4 scrolls of blinking
 r - 2 scrolls of fog
 s - a scroll of random uselessness {unknown}
 u - 5 scrolls of enchant weapon
 v - 4 scrolls of fear
 C - a scroll of silence {unknown}
 D - 3 scrolls of amnesia
 F - a scroll of noise {unknown}
 O - 3 scrolls of immolation {unknown}
 R - 2 scrolls of acquirement {unknown}
 U - 2 scrolls of magic mapping {unknown}
 V - 2 scrolls of enchant armour {unknown}
 Y - a scroll of vulnerability {unknown}
Potions
 i - 4 potions of flight
 n - 7 potions of curing
 t - 5 potions of stabbing
 x - 3 potions of berserk rage
 B - 2 potions of magic
 J - 2 potions of haste {unknown}
 Q - 3 potions of cancellation {unknown}
 Z - 3 potions of brilliance {unknown}
Miscellaneous
 T - a tin of tremorstones (3/3)
Comestibles
 f - 34 rations


   Skills:
 + Level 7.0 Fighting
 * Level 3.5(9.3) Axes
   Level 12.7(12.9) Maces & Flails
   Level 2.6(3.6) Polearms
 - Level 1.7 Throwing
 + Level 13.6 Armour
 + Level 10.9 Dodging
 + Level 10.5 Invocations


You had 13 spell levels left.
You didn't know any spells.
Your spell library contained the following spells:

 Spells                   Type           Power        Failure   Level  Hunger
 Animate Skeleton         Necr           N/A          99%         1    ##.....
 Apportation              Tloc           #.....       99%         1    ##.....
 Corona                   Hex            #......      99%         1    ##.....
 Pain                     Necr           #...         99%         1    ##.....
 Sting                    Tmut/Pois      #...         99%         1    ##.....
 Summon Small Mammal      Summ           #...         99%         1    ##.....
 Call Imp                 Summ           #.......     99%         2    ###....
 Ensorcelled Hibernation  Hex/Ice        #.....       99%         2    ###....
 Poisonous Vapours        Pois/Air       #.....       99%         2    ###....
 Call Canine Familiar     Summ           #.......     100%        3    ####...
 Confusing Touch          Hex            #.......     100%        3    ####...
 Dazzling Flash           Conj/Hex       #.....       100%        3    ####...
 Gell's Gravitas          Tloc           #.........   100%        3    ####...
 Ignite Poison            Fire/Tmut/Pois #.......     100%        3    ####...
 Mephitic Cloud           Conj/Pois/Air  #.......     100%        3    ####...
 Summon Guardian Golem    Hex/Summ       #.......     100%        3    ####...
 Tukima's Dance           Hex            #.......     100%        3    ####...
 Vampiric Draining        Necr           #.........   100%        3    ####...
 Animate Dead             Necr           N/A          100%        4    #####..
 Leda's Liquefaction      Hex/Erth       #.........   100%        4    #####..
 Olgreb's Toxic Radiance  Pois           #.......     100%        4    #####..
 Petrify                  Tmut/Erth      #.......     100%        4    #####..
 Summon Ice Beast         Ice/Summ       #.......     100%        4    #####..
 Summon Lightning Spire   Summ/Air       #.......     100%        4    #####..
 Agony                    Necr           #.......     100%        5    ######.
 Bolt of Magma            Conj/Fire/Erth #.........   100%        5    ######.
 Metabolic Englaciation   Hex/Ice        #.........   100%        5    ######.
 Yara's Violent Unravell  Hex/Tmut       #.........   100%        5    ######.
 Iron Shot                Conj/Erth      #.........   100%        6    #######
 Statue Form              Tmut/Erth      #........    100%        6    #######
 Shatter                  Erth           #.........   100%        9    #######


Dungeon Overview and Level Annotations

Branches:
Dungeon (12/15)            Temple (1/1) D:4            Lair (6/6) D:10
 Shoals (0/4) Lair:3       Spider (0/4) Lair:3        Slime (0/5) Lair:6
    Orc: D:9-12

Altars:
Ashenzari
Dithmenos
Elyvilon
Fedhas
Kikubaaqudgha
Makhleb
Nemelex Xobeh
Okawaru
Qazlal
Trog
Uskayaw
Vehumet
Wu Jian
Xom
Zin
The Shining One
Jiyva

Shops:
D:6 (   D:11 [   D:12 [

Annotations:
D:12 Urug
Lair:6 exclusion: 3 oklob plants


Innate Abilities, Weirdness & Mutations

You have hoof-like feet.
You are mostly covered in molten scales. (AC +3)
You may emit foul miasma when damaged in melee.
You resist negative energy. (rN+)
You are mostly covered in sharp spines.
You are immune to rotting.
[You often lose your temper in combat.]
[Scrolls take you a little longer to read.]
[You are very clumsy. (Dex -4)]
[Your body sometimes deteriorates upon taking damage.]
[You are dopey. (Int -2)]
[Your magical capacity is extremely low. (-30% MP)]
[You frequently scream uncontrollably at your foes.]
[Potions cannot restore your health.]


Message History

You block the harpy zombie's attack. The harpy zombie closely misses you.
Unknown command.
The harpy zombie is struck by your spines.
The harpy zombie closely misses you. You block the harpy zombie's attack.
A starcursed mass splits.
A deafening chorus of shrieks assaults your mind!
* * * LOW HITPOINT WARNING * * *
You suddenly lose the ability to move!
The wretched star pulses with an eldritch light!
You feel clumsy.
You can move again.
You see here a ration.
A hellwing comes into view.
The hellwing gives a chilling moan.
You hear a roar! x2
The harpy zombie is engulfed in blazing flames.
The harpy zombie is struck by your spines.
The harpy zombie barely misses you. You block the harpy zombie's attack.
The starcursed mass barely misses you.
A deafening chorus of shrieks assaults your mind!
You die...

#...# ### .. #...###
.#. ... .....##.. .
..####.#....# ##.#
#... #.§°#.###. ..
....##..E........#
##.....e4...#.#.##.
#.○.##.##.E.#§#....
.#..@Z##.§ .....#
......#○X.##.......##
.##...○XX#*.4..... ..
.....#.X##........# .
.#...##X#..#...#.#.#
#...#..*X##.......#.#
.... ..x.#X##.#..# #
## ........# .#.....
.##..# .. #. #.###


You could see 6 starcursed masses, 2 wretched stars, a deep elf elementalist
(fast, repels missiles), a hellwing, a chaos spawn, a small abomination and a
harpy zombie.

Vanquished Creatures
  Gastronok (Lair:1)
  A tentacled starspawn (Abyss:1)
  Kirke (Lair:3)
  3 starcursed masses (Abyss:1)
  2 dire elephants (Lair:6)
  A great orb of eyes (Abyss:1)
  5 hydras
  A death knight (Abyss:1)
  2 two-headed ogres
  An anaconda (Lair:6)
  12 death yaks
  A thrashing horror (Abyss:1)
  Nergalle (Lair:2)
  A fire crab (Lair:5)
  2 wretched stars (Abyss:1)
  A sixfirhy (Abyss:1)
  2 unseen horrors
  3 manticores
  4 elephants (Lair:6)
  Maurice (D:9)
  4 black mambas
  8 spiny frogs
  3 centaur skeletons
  A torpor snail (Lair:5)
  2 rime drakes (Lair:5)
  An efreet (Abyss:1)
  8 komodo dragons
  A polar bear (Lair:5)
  A jumping spider (Lair:3)
  Prince Ribbit (D:6)
  Grinder (D:3)
  A hornet (Lair:5)
  12 hippogriffs
  17 blink frogs
  A raiju (Abyss:1)
  7 dream sheep
  A water elemental (D:11)
  Sigmund (D:2)
  2 large abominations (Abyss:1)
  3 fire bats (Abyss:1)
  2 wyverns
  7 hogs
  34 yaks
  3 hungry ghosts
  2 neqoxecs (Abyss:1)
  Eustachio (D:5)
  A basilisk (Lair:4)
  2 chaos spawn (Abyss:1)
  2 steam dragons
  9 water moccasins
  9 porcupines
  3 black bears
  4 orc warriors
  3 sky beasts
  4 ice beasts
  5 ogres
  9 wolves
  7 centaurs
  A big kobold (D:11)
  7 crocodiles
  16 bullfrogs
  6 small abominations (Abyss:1)
  3 scorpions
  3 killer bees (D:11)
  5 wights (D:11)
  5 electric eels (D:11)
  A howler monkey (D:4)
  5 crimson imps
  A centaur zombie (D:12)
  2 quasits
  6 orc priests
  3 hounds
  3 jellies
  Crazy Yiuf (D:2)
  2 bullfrog zombies
  6 orc wizards
  A bullfrog skeleton (D:5)
  An iron imp (Abyss:1)
  Terence (D:3)
  A gnoll shaman (D:8)
  3 iguanas
  Natasha (thrice) (D:2)
  5 worker ants
  A hound zombie (D:6)
  3 gnolls (D:8)
  A howler monkey skeleton (D:4)
  17 adders
  4 shadow imps
  2 oozes
  5 worms
  A dart slug (D:1)
  2 leopard geckos
  21 orcs
  2 ball pythons
  3 giant cockroaches
  6 goblins
  2 hobgoblins
  10 jackals
  11 kobolds
  3 quokkas
  4 bats (D:3)
  4 frilled lizards
  A leopard gecko skeleton (D:8)
  7 rats
  5 plants (Lair:6)
  2 starspawn tentacles (Abyss:1)
437 creatures vanquished.

Vanquished Creatures (others)
  An ufetubus (Abyss:1)
  7 fungi
  14 plants
22 creatures vanquished.

Grand Total: 459 creatures vanquished

Notes
Turn   | Place    | Note
-------+----------+-------------------------------------------
     0 | D:1      | DearestLeader the Demonspawn Gladiator began the quest for
                  | the Orb.
     0 | D:1      | Reached XP level 1. HP: 16/16 MP: 1/1
   146 | D:1      | Gained mutation: You are partially covered in sharp spines.
                  | [demonic ancestry]
   146 | D:1      | Reached XP level 2. HP: 20/23 MP: 2/2
   609 | D:2      | Reached skill level 1 in Armour
   609 | D:2      | Gained mutation: You are immune to rotting. [demonic
                  | ancestry]
   609 | D:2      | Reached XP level 3. HP: 28/28 MP: 3/3
   672 | D:2      | Noticed Sigmund
   678 | D:2      | Killed Sigmund
   678 | D:2      | Reached skill level 2 in Armour
   678 | D:2      | Reached XP level 4. HP: 13/35 MP: 4/4
   678 | D:2      | Reached XP level 5. HP: 15/41 MP: 5/5
   882 | D:2      | Reached skill level 3 in Armour
  1118 | D:2      | Noticed Natasha
  1125 | D:2      | Killed Natasha
  1294 | D:2      | Noticed Natasha
  1299 | D:2      | Killed Natasha
  1352 | D:2      | Noticed Natasha
  1358 | D:2      | Killed Natasha
  1358 | D:2      | Gained mutation: You are partially covered in molten
                  | scales. (AC +2) [demonic ancestry]
  1358 | D:2      | Reached XP level 6. HP: 48/48 MP: 6/6
  1524 | D:2      | Found a runed translucent door.
  1525 | D:2      | Noticed Crazy Yiuf
  1536 | D:2      | Killed Crazy Yiuf
  1716 | D:3      | Noticed Grinder
  1725 | D:3      | Paralysed by Grinder for 3 turns
  1733 | D:3      | Killed Grinder
  1733 | D:3      | Reached skill level 4 in Armour
  1733 | D:3      | Gained mutation: You are mostly covered in molten scales.
                  | (AC +3) [demonic ancestry]
  1733 | D:3      | Reached XP level 7. HP: 40/54 MP: 7/7
  1925 | D:3      | Found a white marble altar of Elyvilon.
  2019 | D:3      | Noticed Terence
  2027 | D:3      | Killed Terence
  2047 | D:3      | Found an iron altar of Okawaru.
  2125 | D:3      | Reached skill level 5 in Armour
  2424 | D:4      | Found a shattered altar of Ashenzari.
  2424 | D:4      | Found a burning altar of Makhleb.
  2424 | D:4      | Found a bloodstained altar of Trog.
  2538 | D:4      | Reached skill level 5 in Dodging
  2548 | D:4      | Reached skill level 5 in Fighting
  2822 | D:4      | Found a staircase to the Ecumenical Temple.
  2834 | Temple   | Entered the Ecumenical Temple
  2859 | Temple   | Became a worshipper of Qazlal Stormbringer
  2963 | D:5      | Entered Level 5 of the Dungeon
  3072 | D:5      | Reached skill level 1 in Maces & Flails
  3072 | D:5      | Gained mutation: You may emit foul miasma when damaged in
                  | melee. [demonic ancestry]
  3072 | D:5      | Reached XP level 8. HP: 62/62 MP: 8/8
  3081 | D:5      | Noticed Eustachio
  3106 | D:5      | Killed Eustachio
  3106 | D:5      | Reached skill level 6 in Armour
  3661 | D:6      | Noticed Prince Ribbit
  3682 | D:6      | Killed Prince Ribbit
  3831 | D:6      | Reached skill level 7 in Armour
  3938 | D:6      | Reached XP level 9. HP: 67/68 MP: 9/9
  4014 | D:7      | Reached * piety under Qazlal
  4116 | D:7      | Reached skill level 5 in Maces & Flails
  4437 | D:7      | Reached skill level 8 in Armour
  4545 | D:7      | Found a shadowy altar of Dithmenos.
  4848 | D:7      | Got a brightly glowing brass ring
  4850 | D:7      | Identified the ring of Satisfaction {*Corrode rPois rN++
                  | Str+6 Stlth+} (You found it on level 7 of the Dungeon)
  4979 | D:8      | Found a glowing silver altar of Zin.
  4980 | D:8      | Noticed a two-headed ogre
  5232 | D:8      | Gained mutation: You have large cloven feet. [demonic
                  | ancestry]
  5232 | D:8      | Reached XP level 10. HP: 74/74 MP: 10/10
  5436 | D:8      | Reached ** piety under Qazlal
  5473 | D:8      | Killed a two-headed ogre
  5473 | D:8      | Reached skill level 9 in Armour
  5755 | D:9      | Found a hide-covered altar of Uskayaw.
  5912 | D:9      | Noticed Maurice
  5922 | D:9      | Killed Maurice
  6180 | D:9      | Found an ornate altar of the Wu Jian Council.
  6759 | D:6      | Found Loiduin's Weapon Emporium.
  6910 | D:10     | Entered Level 10 of the Dungeon
  6950 | D:10     | Noticed a two-headed ogre
  6960 | D:10     | Killed a two-headed ogre
  6964 | D:10     | Killed an unseen horror
  6964 | D:10     | Reached skill level 10 in Armour
  7173 | D:10     | Gained mutation: You have hoof-like feet. [demonic
                  | ancestry]
  7173 | D:10     | Reached XP level 11. HP: 79/79 MP: 11/11
  7499 | D:10     | Found a staircase to the Lair.
  8696 | D:11     | Reached *** piety under Qazlal
  9158 | Lair:1   | Entered Level 1 of the Lair of Beasts
  9444 | Lair:1   | Noticed Gastronok
  9466 | Lair:1   | Killed Gastronok
  9466 | Lair:1   | Reached skill level 11 in Armour
  9579 | Lair:1   | Reached skill level 10 in Maces & Flails
  9953 | Lair:2   | Gained mutation: You resist negative energy. (rN+) [demonic
                  | ancestry]
  9953 | Lair:2   | Reached XP level 12. HP: 55/86 MP: 12/12
 10377 | Lair:2   | Reached **** piety under Qazlal
 10798 | Lair:2   | Reached skill level 12 in Armour
 10842 | Lair:2   | Noticed Nergalle
 10854 | Lair:2   | Killed Nergalle
 11401 | Lair:3   | Reached skill level 1 in Invocations
 11457 | Lair:3   | Found a staircase to the Shoals.
 11496 | Lair:3   | Found a hole to the Spider Nest.
 11788 | Lair:3   | Got a twisted helmet
 11798 | Lair:3   | Identified the +0 helmet of Xuczyzug {rElec MP+9} (You
                  | found it on level 3 of the Lair of Beasts)
 12170 | Lair:4   | Noticed a death yak
 12172 | Lair:4   | Noticed a death yak
 12173 | Lair:4   | Noticed a death yak
 12174 | Lair:4   | Noticed a death yak
 12268 | Lair:4   | Noticed a death yak
 12282 | Lair:3   | Killed a death yak
 12524 | Lair:4   | Noticed a death yak
 12537 | Lair:3   | Killed a death yak
 12562 | Lair:3   | Killed a death yak
 12579 | Lair:3   | Killed a death yak
 12630 | Lair:4   | Noticed Kirke
 12700 | Lair:3   | Killed a death yak
 12797 | Lair:3   | Reached XP level 13. HP: 82/91 MP: 16/16
 12800 | Lair:3   | Reached ***** piety under Qazlal
 12800 | Lair:3   | Reached skill level 5 in Invocations
 12829 | Lair:4   | Noticed a sphinx
 13199 | Lair:3   | Killed Kirke
 13835 | Lair:5   | Reached skill level 13 in Armour
 13835 | Lair:5   | Reached skill level 10 in Dodging
 15165 | Lair:6   | Entered Level 6 of the Lair of Beasts
 15964 | Lair:6   | Gained mutation: You are mostly covered in sharp spines.
                  | [demonic ancestry]
 15964 | Lair:6   | Reached XP level 14. HP: 66/99 MP: 20/20
 16200 | Lair:6   | Got a brightly glowing steel amulet
 16440 | Lair:6   | Found a viscous altar of Jiyva.
 16440 | Lair:6   | Found a staircase to the Slime Pits.
 16916 | Lair:6   | Identified the amulet "Deamopn" {Regen+ Dex+4} (You found
                  | it on level 6 of the Lair of Beasts)
 17838 | D:11     | Found Awashiam's Antique Armour Shoppe.
 17846 | D:11     | Bought a faintly humming plate armour for 868 gold pieces
 17856 | D:11     | Identified the +2 plate armour of the Shrike {rElec rPois}
                  | (You bought it in a shop on level 11 of the Dungeon)
 18042 | D:12     | Reached skill level 1 in Axes
 18052 | D:12     | Found Kaymyck's Antique Armour Emporium.
 18073 | D:12     | Noticed Urug
 18088 | D:12     | Cast into level 1 of the Abyss (Urug)
 18100 | Abyss:1  | Reached skill level 10 in Invocations
 18210 | Abyss:1  | Noticed a starcursed mass
 18216 | Abyss:1  | Killed a starcursed mass
 18236 | Abyss:1  | Identified the ring "Buwas" {rF+ AC+4}
 18242 | Abyss:1  | Noticed a starcursed mass
 18261 | Abyss:1  | Noticed a lich
 18273 | Abyss:1  | Paralysed by accursed screaming for 2 turns
 18284 | Abyss:1  | Paralysed by accursed screaming for 1 turns
 18366 | Abyss:1  | Found a corrupted altar of Lugonu.
 18389 | Abyss:1  | Noticed a tentacled starspawn
 18397 | Abyss:1  | Killed a tentacled starspawn
 18480 | Abyss:1  | Reached ****** piety under Qazlal
 18498 | Abyss:1  | Noticed a starcursed mass
 18505 | Abyss:1  | Gained mutation: [You are clumsy. (Dex -2)] [a neqoxec]
 18545 | Abyss:1  | Noticed a deep elf elementalist
 18556 | Abyss:1  | HP: 3/103 [starcursed mass/accursed screaming (10)]
 18556 | Abyss:1  | Paralysed by accursed screaming for 1 turns
 18557 | Abyss:1  | Killed from afar by a starcursed mass

Illustrated notes

Levels and vault maps discovered:
D:1:      arrival_zaba_pyramid, layout_rooms
D:2:      layout_rooms, minmay_misc_feat_pillars, uniq_crazy_yiuf_cottage,
          uniq_natasha, uniq_sigmund
D:3:      layout_rooms, elyvilon_altar_5, okawaru_gym_becter, serial_rivers,
          chequers_serial_rivers_large_a, chequers_serial_rivers_small_b,
          chequers_serial_rivers_small_b, chequers_serial_rivers_micro_d,
          first_ration, kennysheep_generic_room_14, uniq_grinder, uniq_terence
D:4:      layout_rooms, gammafunk_temple_overflow_forgotten,
          minmay_temple_entry_glass, serial_bayou_pond_e
D:5:      layout_loops_ring, uniq_eustachio
D:6:      layout_loops_cross, serial_shops, shop, uniq_prince_ribbit1
D:7:      minmay_chambers_of_fours, layout_rooms, lemuel_coloured_pillars_altar
D:8:      layout_rooms, old_standard_altar
D:9:      layout_roguey, kennysheep_mini_moat, eat_drink_and_be_merry_uskayaw,
          uniq_maurice
D:10:     layout_loops_ring, lair_entry_dummy
D:11:     erik_rubicon_b, layout_cave_pools, serial_shops, shop
D:12:     layout_rooms, orc_0_dummy, serial_shops, shop, uniq_urug
Temple:   nicolae_temple_god_jail
Lair:1:   layout_big_grid, beast_lair_carwin_3, uniq_gastronok
Lair:2:   layout_chaotic_city, grunt_megastairs_1, uniq_nergalle
Lair:3:   layout_chaotic_city, shoals_dummy_entry, spider_nest_entry_rubble,
          grunt_megastairs_3
Lair:4:   layout_big_grid, lemuel_fruit_tree, uniq_kirke
Lair:5:   layout_layer_cave, minmay_shattered_shrine, serial_bayou_shore_b
Lair:6:   due_jungle_book, layout_gridlike, slime_altar_1,
          infiniplex_staircase_pool_2, minmay_lair_oklob_chamber
Abyss:1:  base: D:10, onia_ninara_dug_in_and_dangerous, hangedman_decor_lopped

Skill      XL: |  1  2  3  4  5  6  7  8  9 10 11 12 13 14 |
---------------+-------------------------------------------+-----
Dodging        | 3 4 5 6 7 8 9 10 | 10.9
Armour         | 1 2 3 4 5 7 8 10 11 12 13 | 13.6
Fighting       | 3 4 5 7 |  7.0
Maces & Flails | 1 4 6 8 10 11 12 | 12.7
Invocations    | 4 9 10 | 10.5
Axes           | 3 |  3.5
Polearms       | |  2.6
Throwing       | |  1.7

Action                   |  1- 3 |  4- 6 |  7- 9 | 10-12 | 13-15 || total
-------------------------+-------+-------+-------+-------+-------++-------
Melee: Trident           |    44 |       |       |       |       ||    44
       Whip              |     6 |    71 |   254 |   597 |   118 ||  1046
       Kick              |       |       |       |   262 |   247 ||   509
       Dire flail        |       |       |       |       |   248 ||   248
       Unarmed           |       |       |       |       |    13 ||    13
       Battleaxe         |       |       |       |       |    87 ||    87
Invok: Upheaval          |       |       |       |       |     1 ||     1
Evoke: Wand              |       |       |       |       |     1 ||     1
  Use: Scroll            |       |       |     1 |     9 |     8 ||    18
       Potion            |       |       |     1 |       |     3 ||     4
  Eat: Chunk             |       |     3 |    15 |    22 |    14 ||    54
       Ration            |       |       |       |     1 |     1 ||     2
Armor: Leather armour    |     2 |       |       |       |       ||     2
       Ring mail         |    14 |    18 |       |       |       ||    32
       Chain mail        |       |       |   135 |       |       ||   135
       Plate armour      |       |       |     8 |   220 |   225 ||   453
Dodge: Dodged            |    28 |    38 |   118 |   207 |   213 ||   604
       Repelled          |       |       |       |       |     8 ||     8
Block: Other             |       |       |     1 |   152 |   231 ||   384
